 Dungeon Crawl Stone Soup version 0.25.0-9-g26727b657a (webtiles) character file.

Game seed: 5599444973565788721

212 Descartes the Sneak (level 5, -3/22 HPs)
             Began as a Felid Warper on June 20, 2020.
             Killed by nerve-wracking pain
             ... invoked by Grinder
              (9 damage)
             ... on level 3 of the Dungeon.
             The game lasted 00:13:29 (4310 turns).

Descartes the Sneak (Felid Warper)                  Turns: 4310, Time: 00:13:30

Health: -3/22      AC:  1    Str:  8    XL:     5   Next: 58%
Magic:  9/9        EV: 19    Int: 15    God:
Gold:   132        SH:  0    Dex: 15    Spells: 4/8 levels left
                                        Lives:  0   Deaths: 1

rFire    . . .     SeeInvis +     - Unarmed
rCold    . . .     Gourm    .   (shield unavailable)
rNeg     . . .     Faith    .   (armour unavailable)
rPois    .         Spirit   .   (helmet unavailable)
rElec    .         Reflect  .   (cloak unavailable)
rCorr    .         Harm     .   (gloves unavailable)
MR       .....                  (boots unavailable)
Stlth    +++.......             (no amulet)
HPRegen  0.07/turn              (no ring)
MPRegen  0.11/turn              (no ring)

@: shrouded (expiring), quick
A: very small, no armour, no weapons or thrown items, stealth, claws 1, fangs 3,
see invisible, carnivore, speed 1, shaggy fur 1, slow metabolism 1, sharp paws
a: no special abilities


You were on level 3 of the Dungeon.
You were very full.

You visited 1 branch of the dungeon, and saw 4 of its levels.

You collected 132 gold pieces.

Inventory:

Missiles
 f - 46 stones
 p - 27 arrows
Jewellery
 a - an uncursed ring of fire {unknown}
Wands
 q - a wand of enslavement (6)
Scrolls
 b - a scroll of blinking
 d - 3 scrolls of identify {unknown}
 e - 3 scrolls of magic mapping {unknown}
 g - 4 scrolls of remove curse {unknown}
 n - a scroll of teleportation {unknown}
Potions
 h - a potion of haste {unknown}
 i - a potion of curing {unknown}
 j - a potion of ambrosia {unknown}
 k - a potion of berserk rage {unknown}
 l - 2 potions of degeneration {unknown}
 m - a potion of heal wounds {unknown}
 o - 2 potions of cancellation {unknown}
Comestibles
 c - 4 rations


   Skills:
 - Level 2.0 Fighting
 + Level 4.5 Dodging
 * Level 4.9 Stealth
 * Level 3.9 Unarmed Combat
 - Level 2.0 Spellcasting
 + Level 2.1 Charms
 - Level 4.4 Translocations


You had 4 spell levels left.
You knew the following spells:

 Your Spells              Type           Power        Failure   Level  Hunger
a - Blink                 Tloc           N/A          5%          2    ###....
b - Shroud of Golubria    Chrm/Tloc      ##....       9%          2    ###....

Your spell library contained the following spells:

 Spells                   Type           Power        Failure   Level  Hunger
 Gell's Gravitas          Tloc           ##........   11%         3    ###....
 Lesser Beckoning         Tloc           ##........   11%         3    ###....
 Teleport Other           Tloc           ##......     11%         3    ###....
 Passage of Golubria      Tloc           N/A          36%         4    #####..


Dungeon Overview and Level Annotations

Branches:
Dungeon (4/15)
 Temple: D:4-7

Altars:
Dithmenos
Yredelemnul

Annotations:
D:3 1 runed translucent door, Crazy Yiuf, Grinder


Innate Abilities, Weirdness & Mutations

You cannot wear armour.
You are incapable of wielding weapons or throwing items.
Your paws allow you to move quietly. (Stealth)
You have sharp claws.
You have razor-sharp teeth.
You have supernaturally acute eyesight. (SInv)
You are carnivorous and can eat meat at any time.
You cover ground quickly.
You are covered in fur. (AC +1)
You have a slow metabolism.
Your sharp claws are effective at attacking unaware monsters.


Message History

You scratch Grinder. You bite Grinder.
Grinder is moderately wounded.
Grinder blinks!
Grinder gestures at you. You resist with some effort.
Grinder completely misses you. Grinder gestures at you.
You suddenly lose the ability to move!
Your shroud bends Grinder's attack away. x2
Grinder blinks!
Grinder blinks! x2
You can move again.
Your shroud begins to fray at the edges.
Grinder gestures at you. Pain shoots through your body!
* * * LOW HITPOINT WARNING * * *
There is a stone staircase leading up, spattered with blood here.
Grinder gestures at you. Pain shoots through your body!
You die...

...#..######..........#..........
.....###........#####............
...............>.................
.......<...##.................>..
.#.........##....................
.############.........#....#####.
.# #..............# #. .#
#.....5........# #. ..
#...@.....##...# ## .
#.........##...# #
#.........###### #........[#
########### # # # . #.


You could see Grinder.

Vanquished Creatures
  A bullfrog (D:2)
  An orc priest (D:2)
  7 adders
  A shadow imp (D:3)
  A dart slug (D:1)
  2 leopard geckos
  8 orcs
  6 giant cockroaches
  11 goblins
  8 hobgoblins
  7 jackals
  2 quokkas (D:2)
  12 bats
  2 frilled lizards
  3 kobolds (D:1)
  8 rats
80 creatures vanquished.

Notes
Turn   | Place    | Note
-------+----------+-------------------------------------------
     0 | D:1      | Descartes the Felid Warper began the quest for the Orb.
     0 | D:1      | Reached XP level 1. HP: 9/9 MP: 4/4
   173 | D:1      | Reached skill level 1 in Stealth
   303 | D:1      | Reached XP level 2. HP: 13/13 MP: 6/6
   556 | D:1      | Reached XP level 3. HP: 8/16 MP: 7/7
   580 | D:1      | Learned a level 2 spell: Blink
   583 | D:1      | Learned a level 2 spell: Shroud of Golubria
  1195 | D:2      | Found a shadowy altar of Dithmenos.
  1292 | D:2      | You fall into a shaft and drop 2 floors!
  1580 | D:4      | Reached XP level 4. HP: 10/19 MP: 3/8
  1585 | D:4      | Slain by an orc
  1586 | D:4      | Reached XP level 3. HP: -3/16 MP: 1/7
  1590 | D:4      | Found a basalt altar of Yredelemnul.
  1738 | D:3      | Reached skill level 1 in Charms
  1988 | D:2      | Reached XP level 4. HP: 19/19 MP: 6/8
  2262 | D:2      | Noticed a bullfrog
  2310 | D:2      | Killed a bullfrog
  2310 | D:2      | Reached XP level 5. HP: 2/22 MP: 4/9
  3739 | D:3      | Noticed Grinder
  4021 | D:3      | Found a runed translucent door.
  4022 | D:3      | Noticed Crazy Yiuf
  4052 | D:3      | Paralysed by Grinder for 2 turns
  4300 | D:3      | Paralysed by Grinder for 7 turns
  4310 | D:3      | Killed from afar by Grinder

Illustrated notes

Levels and vault maps discovered:
D:1:      lightli_arrival_noodles, layout_rooms
D:2:      layout_loops_ring, nicolae_dithmenos_through_a_glass_darkly
D:3:      layout_rooms, nicolae_overflow_hidden_temple, serial_bayou,
          serial_bayou_crossing, serial_bayou_pond_c, serial_bayou_pond_e,
          serial_bayou_shore_b, uniq_grinder, uniq_crazy_yiuf_cottage
D:4:      layout_basic, old_standard_altar, first_ration

Skill      XL: |  1  2  3  4  5 |
---------------+----------------+-----
Stealth        | 1 2 3 4 |  4.9
Unarmed Combat | 3 |  3.9
Charms         | 1 2 |  2.1
Dodging        | 4 |  4.5
Fighting       | |  2.0
Spellcasting   | |  2.0
Translocations | |  4.4

Action                   |  1- 3 |  4- 6 || total
-------------------------+-------+-------++-------
Melee: Unarmed           |   216 |    88 ||   304
       Bite              |    21 |    10 ||    31
       Punch             |     2 |     2 ||     4
 Cast: Shroud of Golubri |    24 |    22 ||    46
 Stab: Sleeping          |     5 |     6 ||    11
  Eat: Chunk             |    14 |     9 ||    23
Armor: Skin              |    12 |     4 ||    16
Dodge: Dodged            |   176 |    81 ||   257
